[Event "Gideon Japhet ACP Open 2018"]
[Site "Jerusalem"]
[Date "2018.07.01"]
[Round "1"]
[White "Bagrationi, Alexander"]
[Black "Solomon, Asif"]
[Result "1-0"]
[ECO "E71"]
[WhiteElo "2539"]
[BlackElo "2184"]
[Annotator "RC"]
[PlyCount "121"]
[EventDate "2018.07.01"]
[EventType "swiss"]
[EventCountry "ISR"]
[SourceTitle "playchess.com"]
[Source "ChessBase"]
[SourceQuality "1"]
[TimeControl "40/5400+30:1800+30"]

1. d4 Nf6 2. c4 g6 3. Nc3 Bg7 4. e4 d6 5. h3 O-O 6. Be3 c5 7. d5 e6 8. dxe6 fxe6 9. Qd2 Nc6 10. Bd3 Nd4 11. Nge2 e5 12. Bh6 Qa5 13. Bxg7 Kxg7 14. Nxd4 cxd4 15. Ne2 Qxd2+ 16. Kxd2 Be6 17. b4 a5 18. a3 axb4 19. axb4 Bxc4 20. Bxc4 Nxe4+ 21. Kc2 d3+ 22. Bxd3 Rfc8+ 23. Kb3 Nxf2 24. Bb5 Nxh1 25. Rxh1 Rf8 26. Rd1 Rad8 27. Nc3 Rf2 28. Ne4 Rxg2 29. Nxd6 Rg3+ 30. Kc4 Rf8 31. Bd7 Rf4+ 32. Kc5 Rc3+ 33. Kb5 Rd4 34. Rxd4 exd4 35. Ne4 Rc2 36. Nc5 Kf6 37. Kb6 Ke5 38. Bb5 Kf4 39. Kxb7 Kg3 40. Bd3 Rc1 41. Kc6 Re1 42. b5 Re7 43. b6 Kxh3 44. b7 Rxb7 45. Kxb7 Kg3 46. Kc6 Kf2 47. Kd5 g5 48. Bxh7 g4 49. Ke4 g3 50. Nd3+ Kg2 51. Nf4+ Kf2 52. Nh3+ Kg2 53. Bf5 Kh2 54. Kf3 g2 55. Kf2 d3 56. Ng1 d2 57. Bg4 Kh1 58. Bd1 Kh2 59. Bf3 d1=N+ 60. Bxd1 Kh1 61. Be2 1-0

[Event "Gideon Japhet ACP Open 2018"]
[Site "Jerusalem"]
[Date "2018.07.01"]
[Round "1"]
[White "Muzychuk, Mariya"]
[Black "Milikow, Yoav"]
[Result "1-0"]
[ECO "C17"]
[WhiteElo "2521"]
[BlackElo "2161"]
[Annotator "ChessBase"]
[PlyCount "75"]
[EventDate "2018.07.01"]
[EventType "swiss"]
[EventCountry "ISR"]
[SourceTitle "playchess.com"]
[Source "ChessBase"]
[SourceQuality "1"]
[TimeControl "40/5400+30:1800+30"]

1. e4 e6 2. d4 d5 3. Nc3 Bb4 4. e5 c5 5. a3 Ba5 6. b4 cxd4 7. Nb5 Bc7 8. f4 f6 9. Nf3 Nc6 10. Nxc7+ Qxc7 11. Bb5 Bd7 12. O-O Nge7 13. exf6 gxf6 14. Nxd4 Nxd4 15. Bxd7+ Kxd7 16. Qxd4 Qb6 17. Bb2 Qxd4+ 18. Bxd4 Rhf8 19. Rad1 Rac8 20. Rd2 b6 21. g4 Rg8 22. Rg2 f5 23. g5 Ng6 24. c3 b5 25. Rg3 Rc7 26. Rh3 Kc6 27. Rh6 a6 28. h4 Re7 29. Bc5 Reg7 30. h5 Nxf4 31. Rxf4 Rxg5+ 32. Kf1 Re8 33. Rf3 a5 34. Be3 Rg7 35. Rxf5 axb4 36. axb4 Kd7 37. Rf3 e5 38. Ra6 1-0

[Event "Gideon Japhet ACP Open 2018"]
[Site "Jerusalem"]
[Date "2018.07.01"]
[Round "1"]
[White "Caspi, Israel"]
[Black "Yaacov, Avi"]
[Result "1-0"]
[ECO "C97"]
[WhiteElo "2479"]
[BlackElo "2106"]
[Annotator "RC"]
[PlyCount "151"]
[EventDate "2018.07.01"]
[EventType "swiss"]
[EventCountry "ISR"]
[SourceTitle "playchess.com"]
[Source "ChessBase"]
[SourceQuality "1"]
[TimeControl "40/5400+30:1800+30"]

1. e4 e5 2. Nf3 Nc6 3. Bb5 a6 4. Ba4 Nf6 5. O-O b5 6. Bb3 Be7 7. Re1 d6 8. c3 O-O 9. h3 Na5 10. Bc2 c5 11. d4 Qc7 12. Nbd2 exd4 13. cxd4 Nd7 14. Nf1 Bf6 15. Ne3 Bb7 16. Nf5 cxd4 17. N3xd4 g6 18. Nh6+ Kh8 19. Ng4 Bg7 20. Bf4 Ne5 21. Bh6 Nac6 22. Bxg7+ Kxg7 23. Rc1 Rac8 24. Bb3 Qe7 25. Nxc6 Rxc6 26. Rxc6 Bxc6 27. Qd4 h5 28. Ne3 Qf6 29. Rd1 Rd8 30. Bd5 Bd7 31. Kf1 b4 32. Qxb4 Bb5+ 33. Kg1 Nd3 34. Qc3 Nxb2 35. Qxf6+ Kxf6 36. Rc1 Nd3 37. Rc7 Rd7 38. Rc8 Nf4 39. Bb3 Ke5 40. f3 Kd4 41. Nc2+ Ke5 42. g3 Ne6 43. Kf2 h4 44. gxh4 Nf4 45. Re8+ Kf6 46. Nb4 Rc7 47. Rd8 Ke7 48. Ra8 Nd3+ 49. Nxd3 Bxd3 50. Ke3 Bf1 51. Kd4 Rb7 52. Bd5 Rc7 53. f4 Bb5 54. Bb3 Bf1 55. Bd5 Bb5 56. Rh8 Be8 57. h5 gxh5 58. Rxh5 Rc2 59. Rh7 a5 60. h4 a4 61. f5 Rh2 62. Rh6 Rf2 63. Ke3 Rf1 64. Bc4 Rc1 65. f6+ Kd8 66. Bd5 Bc6 67. Rh8+ Kd7 68. Rf8 Bxd5 69. exd5 Rc2 70. Rxf7+ Ke8 71. Ra7 Rxa2 72. Kf4 Rd2 73. Kf5 a3 74. Rxa3 Rxd5+ 75. Kg6 Rd1 76. f7+ 1-0

[Event "Gideon Japhet ACP Open 2018"]
[Site "Jerusalem"]
[Date "2018.07.01"]
[Round "1"]
[White "Gorodetzky, David"]
[Black "Milikow, Elie"]
[Result "1-0"]
[ECO "A05"]
[WhiteElo "2460"]
[BlackElo "2081"]
[Annotator "ChessBase"]
[PlyCount "77"]
[EventDate "2018.07.01"]
[EventType "swiss"]
[EventCountry "ISR"]
[SourceTitle "playchess.com"]
[Source "ChessBase"]
[SourceQuality "1"]
[TimeControl "40/5400+30:1800+30"]

1. Nf3 Nf6 2. b3 g6 3. Bb2 Bg7 4. g3 O-O 5. Bg2 d5 6. c4 c6 7. O-O b6 8. d4 Bb7 9. Nbd2 c5 10. dxc5 bxc5 11. cxd5 Nxd5 12. Bxg7 Kxg7 13. Qc2 Qc7 14. Rac1 Nd7 15. b4 Ba6 16. Nb3 c4 17. Nfd2 Nxb4 18. Qc3+ Qe5 19. Qxb4 cxb3 20. Bxa8 b2 21. Rb1 Rxa8 22. Qxb2 Qxb2 23. Rxb2 Bxe2 24. Re1 Bg4 25. Rxe7 Be6 26. Rb7 Rd8 27. Ne4 Kf8 28. Rxe6 fxe6 29. Rxa7 Ne5 30. Ng5 Rd2 31. a4 Ra2 32. a5 Nc6 33. Nxh7+ Ke8 34. Nf6+ Kd8 35. Rd7+ Kc8 36. Rd6 Nxa5 37. Rxe6 Nb3 38. Ne4 Re2 39. Nd6+ 1-0

[Event "Gideon Japhet ACP Open 2018"]
[Site "Jerusalem"]
[Date "2018.07.01"]
[Round "1"]
[White "Shohat, Yotam"]
[Black "Boruchovsky, Avital"]
[Result "0-1"]
[ECO "C80"]
[WhiteElo "2189"]
[BlackElo "2558"]
[Annotator "ChessBase"]
[PlyCount "69"]
[EventDate "2018.07.01"]
[EventType "swiss"]
[EventCountry "ISR"]
[SourceTitle "playchess.com"]
[Source "ChessBase"]
[SourceQuality "1"]
[TimeControl "40/5400+30:1800+30"]

1. e4 e5 2. Nf3 Nc6 3. Bb5 a6 4. Ba4 Nf6 5. O-O Nxe4 6. d4 b5 7. Bb3 d5 8. dxe5 Be6 9. Nbd2 Nc5 10. Qe2 Be7 11. Rd1 O-O 12. Nf1 Nxb3 13. axb3 d4 14. Be3 Bc5 15. b4 Bc4 16. Qe1 Nxb4 17. Nxd4 Qe8 18. Bd2 Nc6 19. Nxc6 Qxc6 20. Ne3 Bb6 21. Ba5 Be6 22. Bxb6 Qxb6 23. Qd2 a5 24. Qd4 Qxd4 25. Rxd4 a4 26. Rb4 Rfb8 27. c4 Bxc4 28. Nxc4 c5 29. Nb6 cxb4 30. Nxa8 Rxa8 31. Kf1 b3 32. Ke2 Rc8 33. Rd1 Rc2+ 34. Ke3 Kf8 35. Kd4 0-1

[Event "Gideon Japhet ACP Open 2018"]
[Site "Jerusalem"]
[Date "2018.07.01"]
[Round "1"]
[White "Gleizer, Mark"]
[Black "Baron, Tal"]
[Result "0-1"]
[ECO "D04"]
[WhiteElo "2161"]
[BlackElo "2530"]
[Annotator "ChessBase"]
[PlyCount "71"]
[EventDate "2018.07.01"]
[EventType "swiss"]
[EventCountry "ISR"]
[SourceTitle "playchess.com"]
[Source "ChessBase"]
[SourceQuality "1"]
[TimeControl "40/5400+30:1800+30"]

1. d4 Nf6 2. Nf3 d5 3. e3 c5 4. c3 Nbd7 5. Nbd2 g6 6. Ne5 Nxe5 7. dxe5 Ng4 8. Bb5+ Bd7 9. e6 Bxb5 10. exf7+ Kxf7 11. Qxg4 Qc8 12. Qxc8 Rxc8 13. f4 e5 14. fxe5 g5 15. h3 Bg7 16. Nf3 Kg6 17. Bd2 h5 18. O-O-O g4 19. Nh4+ Kf7 20. Be1 Bxe5 21. Rxd5 Rhe8 22. hxg4 hxg4 23. Nf5 Ke6 24. e4 Bc6 25. Rh6+ Kf7 26. Nd6+ Bxd6 27. Rdxd6 Bxe4 28. Bh4 Rc7 29. Bd8 Rc6 30. Rd7+ Kg8 31. Bf6 Rxf6 32. Rxf6 Bc6 33. Rc7 Re4 34. Kd2 c4 35. Rd6 Kf8 36. Rd8+ 0-1

[Event "Gideon Japhet ACP Open 2018"]
[Site "Jerusalem"]
[Date "2018.07.01"]
[Round "1"]
[White "Musyuk, Lior"]
[Black "Steinberg, Nitzan"]
[Result "1/2-1/2"]
[ECO "B51"]
[WhiteElo "2160"]
[BlackElo "2521"]
[Annotator "ChessBase"]
[PlyCount "28"]
[EventDate "2018.07.01"]
[EventType "swiss"]
[EventCountry "ISR"]
[SourceTitle "playchess.com"]
[Source "ChessBase"]
[SourceQuality "1"]
[TimeControl "40/5400+30:1800+30"]

1. e4 c5 2. Nf3 d6 3. Bb5+ Nd7 4. d4 cxd4 5. Qxd4 a6 6. Bxd7+ Bxd7 7. c4 e5 8. Qd3 b5 9. Nc3 bxc4 10. Qxc4 Be6 11. Qc6+ Bd7 12. Qc4 Be6 13. Qc6+ Bd7 14. Qc4 Be6 1/2-1/2

[Event "Gideon Japhet ACP Open 2018"]
[Site "Jerusalem"]
[Date "2018.07.01"]
[Round "1"]
[White "Sokolovsky, Yahli"]
[Black "Oratovsky, Michael"]
[Result "0-1"]
[ECO "B40"]
[WhiteElo "2084"]
[BlackElo "2461"]
[Annotator "ChessBase"]
[PlyCount "68"]
[EventDate "2018.07.01"]
[EventType "swiss"]
[EventCountry "ISR"]
[SourceTitle "playchess.com"]
[Source "ChessBase"]
[SourceQuality "1"]
[TimeControl "40/5400+30:1800+30"]

1. e4 c5 2. Nf3 e6 3. d3 Nc6 4. g3 g6 5. Bg2 Bg7 6. O-O Nge7 7. Re1 d6 8. Nbd2 O-O 9. Nf1 e5 10. Ne3 h6 11. c3 Be6 12. Nh4 d5 13. c4 dxc4 14. dxc4 Nd4 15. Nd5 Nec6 16. Be3 Rc8 17. Qd2 Kh7 18. Nf3 Bg4 19. Bxd4 exd4 20. a3 Bxf3 21. Bxf3 Ne5 22. Be2 d3 23. f4 Nxc4 24. Qxd3 Nxb2 25. Qc2 c4 26. Rab1 Qa5 27. Rec1 Qxa3 28. Kg2 Rfd8 29. Ra1 Qc5 30. Ra2 Qd4 31. Qc3 Qxe4+ 32. Bf3 Qxd5 33. Bxd5 Bxc3 34. Rxc3 Nd1 0-1

[Event "Gideon Japhet ACP Open 2018"]
[Site "Jerusalem"]
[Date "2018.07.01"]
[Round "1"]
[White "Ben Ari, Yannay"]
[Black "Ushenina, Anna"]
[Result "*"]
[ECO "B01"]
[WhiteElo "2069"]
[BlackElo "2447"]
[Annotator "ChessBase"]
[PlyCount "72"]
[EventDate "2018.07.01"]
[EventType "swiss"]
[EventCountry "ISR"]
[SourceTitle "playchess.com"]
[Source "ChessBase"]
[SourceQuality "1"]
[TimeControl "40/5400+30:1800+30"]

1. e4 d5 2. exd5 Nf6 3. c4 c6 4. d4 cxd5 5. cxd5 Nxd5 6. Bc4 Nc6 7. Nc3 Nb6 8. Bb5 Bd7 9. Nf3 a6 10. Bxc6 Bxc6 11. O-O g6 12. Ne5 Bd5 13. Nxd5 Qxd5 14. Be3 Bg7 15. Re1 O-O 16. Qf3 Qxf3 17. Nxf3 Nd5 18. Bd2 Rfd8 19. Rac1 e6 20. g3 Rdc8 21. b3 Bf8 22. Bg5 Nb4 23. Rc4 b5 24. Rxc8 Rxc8 25. Rc1 Rxc1+ 26. Bxc1 Nxa2 27. Be3 Nb4 28. Bd2 Nc6 29. Bc3 a5 30. Kf1 a4 31. bxa4 bxa4 32. Ke1 Bb4 33. Bxb4 Nxb4 34. Kd1 Nd3 35. Ke2 a3 36. Nd2 Nc1+ *

[Event "Gideon Japhet ACP Open 2018"]
[Site "Jerusalem"]
[Date "2018.07.01"]
[Round "1"]
[White "Ben Ari, Yannay"]
[Black "Ushenina, Anna"]
[Result "0-1"]
[ECO "B24"]
[WhiteElo "2069"]
[BlackElo "2447"]
[Annotator "ChessBase"]
[PlyCount "66"]
[EventDate "2018.07.01"]
[EventType "swiss"]
[EventCountry "ISR"]
[SourceTitle "playchess.com"]
[Source "ChessBase"]
[SourceQuality "1"]
[TimeControl "40/5400+30:1800+30"]

1. e4 c5 2. Nc3 Nc6 3. g3 g6 4. Bg2 Bg7 5. Nge2 d6 6. O-O Rb8 7. d3 b5 8. f4 e6 9. Be3 b4 10. Na4 Nd4 11. a3 Bd7 12. Bxd4 cxd4 13. axb4 Rxb4 14. c3 dxc3 15. bxc3 Rb8 16. d4 Ne7 17. e5 O-O 18. c4 Nf5 19. Rf3 Rb4 20. c5 Bxa4 21. Rxa4 dxc5 22. Rxa7 Qb6 23. Ra1 Nxd4 24. Nxd4 Rxd4 25. Qc2 Rfd8 26. Rc1 Bf8 27. Rf2 c4 28. Kh1 Bb4 29. Rb1 c3 30. Qxc3 Rd1+ 31. Rf1 Rxf1+ 32. Bxf1 Qb7+ 33. Kg1 Qa7+ 0-1

[Event "Gideon Japhet ACP Open 2018"]
[Site "Jerusalem"]
[Date "2018.07.01"]
[Round "1"]
[White "Kwossek, Georg"]
[Black "Erenberg, Ariel"]
[Result "1/2-1/2"]
[ECO "A46"]
[WhiteElo "2043"]
[BlackElo "2393"]
[Annotator "NA"]
[PlyCount "64"]
[EventDate "2018.07.01"]
[EventType "swiss"]
[EventCountry "ISR"]
[SourceTitle "playchess.com"]
[Source "ChessBase"]
[SourceQuality "1"]
[TimeControl "40/5400+30:1800+30"]

1. d4 Nf6 2. Nf3 e6 3. g3 b5 4. Bg2 Bb7 5. O-O Be7 6. a4 b4 7. c4 O-O 8. Nbd2 d6 9. Qc2 Nbd7 10. a5 Rc8 11. a6 Ba8 12. e4 e5 13. c5 exd4 14. c6 {[%emt 0:00:44] [#]} d3 $1 15. Qc4 Ne5 16. Nxe5 dxe5 17. Nf3 Qd6 18. Be3 $15 Qxc6 19. Qxc6 Bxc6 20. Nxe5 Bxe4 21. Bxe4 Nxe4 22. Nc6 Bf6 23. Bxa7 Ra8 24. Bd4 Bxd4 25. Nxd4 c5 26. Nb5 Rfb8 27. Ra5 Nd2 28. Nc7 Nxf1 29. Kxf1 Ra7 30. Rxc5 d2 31. Ke2 Rc8 32. Nb5 Re7+ 1/2-1/2

[Event "Gideon Japhet ACP Open 2018"]
[Site "Jerusalem"]
[Date "2018.07.02"]
[Round "2"]
[White "Yuffa, Daniil"]
[Black "Kudischewitsch, David"]
[Result "1-0"]
[ECO "D16"]
[WhiteElo "2577"]
[BlackElo "2356"]
[Annotator "ChessBase"]
[PlyCount "103"]
[EventDate "2018.07.01"]
[EventType "swiss"]
[EventCountry "ISR"]
[SourceTitle "playchess.com"]
[Source "ChessBase"]
[SourceQuality "1"]
[TimeControl "40/5400+30:1800+30"]

1. d4 Nf6 2. c4 c6 3. Nc3 d5 4. Nf3 dxc4 5. a4 e6 6. e4 Bb4 7. e5 Nd5 8. Bd2 b5 9. axb5 Bxc3 10. bxc3 cxb5 11. Ng5 Qc7 12. Qh5 h6 13. Ne4 Kf8 14. Nd6 a6 15. h4 Ra7 16. Rh3 Nc6 17. Rf3 Nd8 18. Bg5 g6 19. Qxg6 hxg5 20. Qxg5 f6 21. Rxf6+ Nxf6 22. Qxf6+ Kg8 23. Kd2 Rh7 24. Qg6+ Kh8 25. Qf6+ Kg8 26. Qg6+ Kh8 27. Re1 Nf7 28. Ne8 Qd8 29. Nf6 Nxe5 30. Rxe5 Qf8 31. Rg5 Rag7 32. Rh5 Qf7 33. Qxf7 Rxf7 34. Nxh7 Rxh7 35. Be2 Rxh5 36. Bxh5 Bb7 37. g3 Kg7 38. f4 a5 39. Be8 b4 40. g4 Be4 41. g5 Kf8 42. Bb5 Bd3 43. h5 Kf7 44. Bc6 Ke7 45. Bf3 b3 46. Kc1 Kf7 47. Kb2 Ke7 48. d5 exd5 49. Bxd5 Be2 50. f5 Bxh5 51. Bxc4 a4 52. Bb5 {[%emt 0:00:27] Ke8} 1-0

[Event "Gideon Japhet ACP Open 2018"]
[Site "Jerusalem"]
[Date "2018.07.02"]
[Round "2"]
[White "Boruchovsky, Avital"]
[Black "Gurbanov, Andrei"]
[Result "1-0"]
[ECO "C61"]
[WhiteElo "2558"]
[BlackElo "2335"]
[Annotator "ChessBase"]
[PlyCount "93"]
[EventDate "2018.07.01"]
[EventType "swiss"]
[EventCountry "ISR"]
[SourceTitle "playchess.com"]
[Source "ChessBase"]
[SourceQuality "1"]
[TimeControl "40/5400+30:1800+30"]

1. e4 e5 2. Nf3 Nc6 3. Bb5 Nd4 4. Nxd4 exd4 5. Bc4 h5 6. d3 Bc5 7. Qf3 Qf6 8. Nd2 c6 9. a3 Ne7 10. b4 Bb6 11. Bb2 d5 12. Qxf6 gxf6 13. exd5 cxd5 14. Bb5+ Kf8 15. Nf3 Nf5 16. O-O Be6 17. Rfe1 Ke7 18. Ba4 Rac8 19. Re2 Rhg8 20. Kh1 Rg4 21. h3 Rg6 22. Bb3 Kd7 23. a4 a6 24. a5 Ba7 25. Ba4+ Ke7 26. Ba3 Rgg8 27. Rb1 Rc3 28. Bc1 b5 29. axb6 Bxb6 30. Ra1 Ra8 31. Bb5 a5 32. bxa5 Nd6 33. Bb2 Nxb5 34. axb6 Rxa1+ 35. Bxa1 Rc6 36. Bxd4 Nxd4 37. Nxd4 Rxb6 38. Kh2 Kd6 39. Kg3 Rb4 40. c3 Rb1 41. Kh4 Rg1 42. f3 Rd1 43. Nxe6 fxe6 44. d4 Rc1 45. Kxh5 Rxc3 46. Kg6 f5 47. Kf6 1-0

[Event "Gideon Japhet ACP Open 2018"]
[Site "Jerusalem"]
[Date "2018.07.02"]
[Round "2"]
[White "Steinberg, Nitzan"]
[Black "Pravdivetz, Vladimir"]
[Result "1-0"]
[ECO "C02"]
[WhiteElo "2521"]
[BlackElo "1882"]
[Annotator "ChessBase"]
[PlyCount "57"]
[EventDate "2018.07.01"]
[EventType "swiss"]
[EventCountry "ISR"]
[SourceTitle "playchess.com"]
[Source "ChessBase"]
[SourceQuality "1"]
[TimeControl "40/5400+30:1800+30"]

1. e4 e6 2. d4 d5 3. e5 c5 4. c3 Qb6 5. Nf3 Nc6 6. Na3 cxd4 7. cxd4 Bd7 8. Nc2 Nb4 9. Ne3 Bb5 10. a3 Bxf1 11. Kxf1 Qa6+ 12. Kg1 Nd3 13. Rb1 Nxc1 14. Rxc1 Ne7 15. h4 h6 16. Rh3 Ng6 17. Rc2 Nf4 18. Rh1 Ng6 19. Qc1 Be7 20. h5 Nf8 21. Rh3 Nh7 22. Rg3 Rg8 23. Ng4 Rh8 24. Nd2 f5 25. exf6 Nxf6 26. Nxf6+ gxf6 27. Rg7 Rd8 28. Rc7 Bd6 29. Rxb7 {[%emt 0:02:18] O-O} 1-0

[Event "Gideon Japhet ACP Open 2018"]
[Site "Jerusalem"]
[Date "2018.07.02"]
[Round "2"]
[White "Zanan, Evgeny"]
[Black "Musyuk, Lior"]
[Result "1-0"]
[ECO "B23"]
[WhiteElo "2497"]
[BlackElo "2160"]
[Annotator "ChessBase"]
[PlyCount "63"]
[EventDate "2018.07.01"]
[EventType "swiss"]
[EventCountry "ISR"]
[SourceTitle "playchess.com"]
[Source "ChessBase"]
[SourceQuality "1"]
[TimeControl "40/5400+30:1800+30"]

1. e4 c5 2. Nc3 Nc6 3. Nge2 d6 4. g3 g6 5. d4 Bg4 6. d5 Nd4 7. Nxd4 Bxd1 8. Bb5+ Qd7 9. Bxd7+ Kxd7 10. Kxd1 cxd4 11. Ne2 Bg7 12. f3 e6 13. dxe6+ fxe6 14. Bd2 Ne7 15. c3 dxc3 16. Nxc3 Nc6 17. f4 Rac8 18. Rc1 Nd4 19. Be3 Rc4 20. Ne2 Rxc1+ 21. Nxc1 Rc8 22. Nd3 Rc4 23. e5 d5 24. g4 b6 25. Rg1 Nc6 26. Rg3 Ra4 27. a3 Ke7 28. Bc1 Re4 29. b3 Kf7 30. g5 Ne7 31. Nf2 Nf5 32. Nxe4 1-0

[Event "Gideon Japhet ACP Open 2018"]
[Site "Jerusalem"]
[Date "2018.07.02"]
[Round "2"]
[White "Ushenina, Anna"]
[Black "Axelrod, Arie"]
[Result "1-0"]
[ECO "A05"]
[WhiteElo "2447"]
[BlackElo "2269"]
[Annotator "ChessBase"]
[PlyCount "73"]
[EventDate "2018.07.01"]
[EventType "swiss"]
[EventCountry "ISR"]
[SourceTitle "playchess.com"]
[Source "ChessBase"]
[SourceQuality "1"]
[TimeControl "40/5400+30:1800+30"]

1. Nf3 Nf6 2. c4 g6 3. d4 Bg7 4. Nc3 O-O 5. e4 c6 6. e5 Ne8 7. Bf4 d5 8. h4 h5 9. Qd2 Nc7 10. b3 Bg4 11. Nh2 Be6 12. Rd1 Nd7 13. c5 b6 14. b4 a5 15. a3 Qb8 16. Be2 axb4 17. axb4 Ra3 18. g4 bxc5 19. bxc5 Qb4 20. Rc1 hxg4 21. Nxg4 Bxg4 22. Bxg4 Ne6 23. Bxe6 fxe6 24. Nb1 Rb3 25. Qxb4 Rxb4 26. Be3 Rf5 27. Ke2 Rb2+ 28. Nd2 Rf8 29. Ra1 Rfb8 30. Ra6 Rc2 31. Rxc6 Rbb2 32. Rc7 Nb8 33. Ra1 Kf7 34. Kd3 Bf8 35. Ra8 Rc1 36. Rc8 Nd7 37. c6 1-0

[Event "Gideon Japhet ACP Open 2018"]
[Site "Jerusalem"]
[Date "2018.07.02"]
[Round "2"]
[White "Gruenfeld, Yehuda"]
[Black "Bronfman, Shmuel"]
[Result "1-0"]
[ECO "B47"]
[WhiteElo "2419"]
[BlackElo "2108"]
[Annotator "ChessBase"]
[PlyCount "69"]
[EventDate "2018.07.01"]
[EventType "swiss"]
[EventCountry "ISR"]
[SourceTitle "playchess.com"]
[Source "ChessBase"]
[SourceQuality "1"]
[TimeControl "40/5400+30:1800+30"]

1. e4 c5 2. Nf3 e6 3. Nc3 Nc6 4. d4 cxd4 5. Nxd4 Qc7 6. g3 a6 7. Bg2 Nf6 8. O-O Nxd4 9. Qxd4 Bc5 10. Bf4 d6 11. Qd2 e5 12. Be3 Bb4 13. Nb5 axb5 14. Qxb4 O-O 15. Qxb5 Qxc2 16. Rfc1 Qa4 17. Qxa4 Rxa4 18. b3 Ra5 19. a4 Bd7 20. Bb6 Ra6 21. a5 Bc6 22. b4 Bxe4 23. Bxe4 Nxe4 24. Rc7 d5 25. Rxb7 d4 26. b5 Raa8 27. a6 f6 28. f3 Nc3 29. a7 Rfc8 30. Bc7 d3 31. Rb8 d2 32. Rxc8+ Rxc8 33. a8=Q d1=Q+ 34. Rxd1 Rxa8 35. Rd8+ {Rc8} 1-0

[Event "Gideon Japhet ACP Open 2018"]
[Site "Jerusalem"]
[Date "2018.07.02"]
[Round "2"]
[White "Erenberg, Ariel"]
[Black "Gleizer, Mark"]
[Result "0-1"]
[ECO "E15"]
[WhiteElo "2393"]
[BlackElo "2161"]
[Annotator "NA"]
[PlyCount "114"]
[EventDate "2018.07.01"]
[EventType "swiss"]
[EventCountry "ISR"]
[SourceTitle "playchess.com"]
[Source "ChessBase"]
[SourceQuality "1"]
[TimeControl "40/5400+30:1800+30"]

1. d4 Nf6 2. c4 e6 3. Nf3 b6 4. g3 Ba6 5. Qb3 d5 6. cxd5 Qxd5 {[%emt 0:01:27] E15: Queen's Indian: 4 g3 sidelines, 4 g3 Ba6 and 4 g3 Bb7 early deviations} 7. Qc2 Nc6 8. Nc3 {[%emt 0:01:09] LiveBook: 11 Games} Nb4 9. Qd1 Qf5 10. Bg2 O-O-O $146 ({Predecessor:} 10... Nc2+ $11 {hält das Gleichgewicht.} 11. Kf1 Nxa1 (11... O-O-O 12. Nh4 Rxd4 13. Qxd4 Nxd4 14. Nxf5 exf5 {0-1 (65) Tregubov,P (2589)-Duda,J (2663) Doha 2015}) 12. Qa4+ Nd7) 11. O-O Qc2 {[%emt 0:02:19] [#]} 12. a3 ({Better is} 12. Ne5 $1 $18) 12... Qxd1 13. Rxd1 Nbd5 14. Ne5 Nxc3 15. bxc3 Bxe2 16. Re1 Bh5 17. Nc6 Bd6 18. Nxd8 Rxd8 19. c4 c5 20. d5 exd5 21. cxd5 Ne8 22. Bb2 Bg4 23. Re3 f6 24. h3 Bd7 25. Rc1 Nc7 26. f4 Ba4 27. Be4 Kb8 28. Kf2 h6 29. Kf3 Be8 30. Rd3 Bf7 31. Rcd1 Rf8 32. g4 Be8 33. Bf5 Bb5 34. R3d2 g5 {[%emt 0:02:33] [#]} (34... Be8 $11) 35. fxg5 $1 hxg5 36. Ke4 (36. h4 $16) 36... Re8+ 37. Be6 Bf4 38. Rf2 Bc4 39. Kf5 Nxe6 40. dxe6 Bxe6+ 41. Kxf6 Bc8 $16 (41... Kc7 $142) 42. Kf7 Re4 43. Rd8 b5 44. Re8 Rxe8 45. Kxe8 a5 46. Rc2 Be3 47. Re2 Bf4 48. Be5+ Kb7 49. Bxf4 gxf4 50. Kd8 b4 51. Re7+ Kb8 52. Rc7 Ba6 53. Rxc5 b3 54. Rc1 f3 55. Rb1 a4 56. Rb2 Be2 57. g5 f2 0-1

[Event "Gideon Japhet ACP Open 2018"]
[Site "Jerusalem"]
[Date "2018.07.02"]
[Round "2"]
[White "Veinberg, Nimrod"]
[Black "Yaniv, Yuval"]
[Result "0-1"]
[ECO "E83"]
[WhiteElo "2390"]
[BlackElo "2054"]
[Annotator "ChessBase"]
[PlyCount "56"]
[EventDate "2018.07.01"]
[EventType "swiss"]
[EventCountry "ISR"]
[SourceTitle "playchess.com"]
[Source "ChessBase"]
[SourceQuality "1"]
[TimeControl "40/5400+30:1800+30"]

1. d4 Nf6 2. c4 g6 3. Nc3 Bg7 4. e4 d6 5. f3 O-O 6. Be3 Nc6 7. Nge2 a6 8. Rc1 Bd7 9. Qd2 b5 10. Nd1 Ne8 11. c5 f5 12. h3 fxe4 13. fxe4 dxc5 14. Rxc5 Nd6 15. Qc2 Nc4 16. Bg5 Be8 17. Rxc6 Bxc6 18. b3 Bxd4 19. Nxd4 Qxd4 20. bxc4 Rad8 21. cxb5 axb5 22. Be2 Qe5 23. Qb3+ Kh8 24. Bd2 Qxe4 25. Qe3 Rxd2 26. Kxd2 Rd8+ 27. Kc3 b4+ 28. Kb3 Qb1+ 0-1

[Event "Gideon Japhet ACP Open 2018"]
[Site "Jerusalem"]
[Date "2018.07.02"]
[Round "2"]
[White "Parkhov, Yair"]
[Black "Lukin, Elisha"]
[Result "1-0"]
[ECO "A06"]
[WhiteElo "2364"]
[BlackElo "2016"]
[Annotator "ChessBase"]
[PlyCount "75"]
[EventDate "2018.07.01"]
[EventType "swiss"]
[EventCountry "ISR"]
[SourceTitle "playchess.com"]
[Source "ChessBase"]
[SourceQuality "1"]
[TimeControl "40/5400+30:1800+30"]

1. Nf3 d5 2. g3 Nf6 3. Bg2 c6 4. O-O Bf5 5. d3 h6 6. c4 e6 7. cxd5 cxd5 8. Qb3 Qb6 9. Qxb6 axb6 10. Be3 Bc5 11. Rc1 Na6 12. d4 Be7 13. a3 b5 14. Nbd2 O-O 15. Nb3 b4 16. a4 Rfc8 17. Ne1 Nd7 18. a5 Nc7 19. f3 Nb5 20. Bd2 Rc4 21. e4 Bg6 22. Bf1 Rxc1 23. Rxc1 Nxd4 24. Nxd4 Bc5 25. Be3 dxe4 26. fxe4 Bxe4 27. Bb5 e5 28. Bxd7 Bxd4 29. Bxd4 exd4 30. Rc8+ Rxc8 31. Bxc8 Kf8 32. Kf2 Ke7 33. Nf3 Kd8 34. Bh3 d3 35. Nd2 Bg6 36. Ke3 Kc7 37. Bg2 f6 38. Kd4 1-0

[Event "Gideon Japhet ACP Open 2018"]
[Site "Jerusalem"]
[Date "2018.07.02"]
[Round "2"]
[White "Birnboim, Nathan"]
[Black "Bagrationi, Alexander"]
[Result "1-0"]
[ECO "E63"]
[WhiteElo "2353"]
[BlackElo "2539"]
[Annotator "ChessBase"]
[PlyCount "123"]
[EventDate "2018.07.01"]
[EventType "swiss"]
[EventCountry "ISR"]
[SourceTitle "playchess.com"]
[Source "ChessBase"]
[SourceQuality "1"]
[TimeControl "40/5400+30:1800+30"]

1. d4 Nf6 2. c4 g6 3. g3 Bg7 4. Bg2 O-O 5. Nc3 d6 6. Nf3 Nc6 7. O-O a6 8. d5 Na5 9. Nd2 c5 10. Qc2 Rb8 11. b3 b5 12. Bb2 e5 13. dxe6 Bxe6 14. cxb5 axb5 15. Nde4 b4 16. Nxf6+ Qxf6 17. Nd1 Qf5 18. Qxf5 Bxf5 19. Bxg7 Kxg7 20. Ne3 Be6 21. Rfd1 Rfd8 22. Nd5 Nc6 23. e3 Na7 24. Rd2 Bxd5 25. Bxd5 Nb5 26. Rc1 Rb6 27. Bg2 Nc3 28. a3 d5 29. axb4 cxb4 30. Ra1 Rbd6 31. Bf1 d4 32. Rxd4 Rxd4 33. exd4 Rxd4 34. Ra7 Ne4 35. Bc4 Nd6 36. Rd7 Kf6 37. Bxf7 Rd2 38. Bg8 h6 39. Kf1 Ke5 40. Ke1 Rd4 41. f4+ Kf6 42. Ke2 g5 43. fxg5+ hxg5 44. Bc4 Kf5 45. Bd3+ Kg4 46. Rh7 Rd5 47. Rh8 Ra5 48. Ke3 Ra3 49. Rd8 Nf7 50. Rf8 Ra7 51. Kf2 Kh5 52. Rb8 Kg4 53. Rxb4+ Kh3 54. Kg1 Ra1+ 55. Bf1+ Rxf1+ 56. Kxf1 Ne5 57. Re4 Nf3 58. Kf2 Nd2 59. Rb4 Kxh2 60. Ke2 Nb1 61. Kd3 Kxg3 62. Ra4 1-0